 Dungeon Crawl Stone Soup version 0.29-a0-517-gbdf32494f2 (webtiles) character file.

Game seed: 2131064437804910549

240 porpoise the Shooter (level 6, -8/38 HPs)
             Began as a Tengu Hunter on May 31, 2022.
             Mangled by an ogre
             ... wielding a +0 giant spiked club
              (29 damage)
             ... on level 4 of the Dungeon.
             The game lasted 00:08:17 (3343 turns).

porpoise the Shooter (Tengu Hunter)                 Turns: 3343, Time: 00:08:18

Health: -8/38      AC:  5    Str: 11    XL:     6   Next: 8%
Magic:  7/7        EV: 13    Int:  9    God:
Gold:   207        SH:  0    Dex: 20    Spells: 3/5 levels left

rFire   . . .      SeeInvis .   a - +1 shortbow
rCold   . . .      Faith    .   (shield currently unavailable)
rNeg    . . .      Spirit   .   t - +0 ring mail
rPois   .          Reflect  .   (helmet restricted)
rElec   .          Harm     .   (no cloak)
rCorr   .          Rampage  .   (no gloves)
Will    +....                   (boots unavailable)
Stlth   ++........              f - amulet of the acrobat
HPRegen 0.12/turn               d - ring of willpower
MPRegen 0.10/turn               (no ring)

@: flying quickly and evasively, quick
A: beak, talons 3, nimble flight
a: no special abilities


You were on level 4 of the Dungeon.
You visited 1 branch of the dungeon, and saw 4 of its levels.

You collected 207 gold pieces.

Inventory:

Hand Weapons
 a - a +1 shortbow (weapon)
 b - a +1 dagger of protection
Missiles
 h - 4 boomerangs
 p - 13 poisoned darts
Armour
 t - a +0 ring mail (worn)
Magical Staves
 j - a staff of air
Jewellery
 d - a ring of willpower (left hand)
 f - an amulet of the acrobat (around neck)
 u - an amulet of reflection
Scrolls
 c - 2 scrolls of immolation
 g - a scroll of vulnerability {unknown}
 k - 3 scrolls of identify {unknown}
 q - a scroll of magic mapping {unknown}
 r - a scroll of fear {unknown}
 s - a scroll of brand weapon {unknown}
 v - a scroll of teleportation {unknown}
Potions
 e - 3 potions of attraction {unknown}
 i - 2 potions of curing {unknown}
 l - a potion of might {unknown}
 m - a potion of resistance {unknown}
 n - a potion of haste {unknown}
 o - 3 potions of heal wounds {unknown}


   Skills:
 * Level 4.1 Fighting
 * Level 6.0 Bows
 - Level 2.1 Dodging
 + Level 2.9 Stealth


You had 3 spell levels left.
You knew the following spells:

 Your Spells              Type           Power      Damage    Failure   Level
k - Blink                 Tloc           0%         N/A       83%         2

Your spell library contained the following spells:

 Spells                   Type           Power      Damage    Failure   Level
 Sting                    Tmut/Pois      0%         1d3       69%         1
 Poisonous Vapours        Pois/Air       0%         N/A       83%         2
 Olgreb's Toxic Radiance  Pois           0%         N/A       100%        4
 Manifold Assault         Tloc           0%         N/A       100%        5
 Storm Form               Tmut/Air       0%         N/A       100%        7


Dungeon Overview and Level Annotations

Branches:
Dungeon (4/15)
 Temple: D:4-7

Altars:
Dithmenos
Elyvilon
Gozag
Ru
Trog

Shops:
D:2 *


Innate Abilities, Weirdness & Mutations

You have a beak for a mouth.
You have claws for feet.
Your magical nature lets you fly swiftly and evasively.


Message History

Aim: a sky beast (rain, severely wounded, 57% to hit)
You shoot an arrow. The arrow hits the sky beast!
You kill the sky beast!
Your Fighting skill increases to level 4!
Your Bows skill increases to level 6!
You have reached level 6!
You start waiting.
Done waiting.
Casting: Blink (quite dangerous; 83% risk of failure)
Confirm with . or Enter, or press ? or * to list all spells.
Okay, then.
Unknown command.
Unknown command.
You reach down and open the door. 2 ogres come into view.
The ogre shouts! x2; You hear a bark!
A hound comes into view.
You aren't carrying any items that you can evoke.
Unknown command.
Unknown command.
You are flying quickly and evasively.
Your flying speed is quick.
Your attack delay is about 1.3 (and is slowed by your armour).
Unknown command.
Unknown command.
You shoot an arrow. The arrow hits the ogre.
The ogre is lightly wounded.
You shoot an arrow. The arrow hits the ogre!
The ogre is heavily wounded.
The ogre barely misses you.
You shoot an arrow. The arrow hits the ogre.
The ogre is severely wounded.
The ogre hits you with a +0 giant spiked club!
You shoot an arrow. The arrow hits the ogre.
The ogre is almost dead.
The hound stops to sniff the ground.
You shoot an arrow. The arrow barely misses the ogre.
The arrow hits the hound.
The hound is moderately wounded.
The ogre hits you with a +0 giant spiked club!!
Ouch! That really hurt!
You die...

######### #..OhO@.#
#.#####.# #.#####.######
#####h#..........#
#....O..###.####.#
#.###.....### #.####.#####
..........#####..........#
.###............###.###.#
###.########...#.# #.#


You could see 2 ogres and a hound.

Vanquished Creatures
  A sky beast (D:4)
  An iguana (D:4)
  A gnoll (D:1)
  4 adders
  2 worms
  A dart slug (D:2)
  9 orcs
  4 ball pythons
  4 endoplasms
  5 giant cockroaches
  5 hobgoblins
  4 jackals (D:2)
  4 kobolds
  2 quokkas
  3 bats
  2 frilled lizards (D:1)
  6 goblins
  3 rats
61 creatures vanquished.

Vanquished Creatures (others)
  9 plants (D:2)
9 creatures vanquished.

Grand Total: 70 creatures vanquished

Notes
Turn   | Place    | Note
-------+----------+-------------------------------------------
     0 | D:1      | porpoise the Tengu Hunter began the quest for the Orb.
     0 | D:1      | Reached XP level 1. HP: 12/12 MP: 2/2
   125 | D:1      | Reached XP level 2. HP: 17/17 MP: 3/3
   601 | D:1      | Reached XP level 3. HP: 22/22 MP: 4/4
   821 | D:2      | Found a white marble altar of Elyvilon.
   957 | D:2      | Reached skill level 5 in Bows
  1392 | D:2      | Found Toynno's General Store.
  1428 | D:2      | Reached XP level 4. HP: 28/28 MP: 5/5
  1893 | D:3      | Found a sacrificial altar of Ru.
  2094 | D:3      | Found an opulent altar of Gozag.
  2099 | D:3      | Found an opulent altar of Gozag.
  2108 | D:3      | Found an opulent altar of Gozag.
  2116 | D:3      | Found an opulent altar of Gozag.
  2217 | D:3      | Found a bloodstained altar of Trog.
  2253 | D:3      | Found a shadowy altar of Dithmenos.
  2271 | D:3      | Learned a level 2 spell: Blink
  2785 | D:4      | Gained mutation: Your magical nature lets you fly swiftly
                  | and evasively. [Tengu growth]
  2785 | D:4      | Reached XP level 5. HP: 32/32 MP: 6/6
  3207 | D:4      | Noticed a sky beast
  3214 | D:4      | Killed a sky beast
  3215 | D:4      | Reached skill level 6 in Bows
  3215 | D:4      | Reached XP level 6. HP: 38/38 MP: 7/7
  3343 | D:4      | Mangled by an ogre

Illustrated notes

Levels and vault maps discovered:
D:1:      minmay_arrival_four_loops, layout_basic
D:2:      layout_loops_corners, basic_altar, serial_shops, nicolae_square_shop,
          serial_bayou_lake_a
D:3:      layout_loops_ring, nicolae_dithmenos_the_darkroom,
          mainiacjoe_overflow_24_doors, nicolae_gozag_conspicuous_consumption,
          mainiacjoe_overflow_catwalk
D:4:      layout_loops_corners, kennysheep_little_box, okawaru_gym_becter

Skill      XL: |  1  2  3  4  5 |
---------------+----------------+-----
Bows           | 5 6 |  6.0
Fighting       | 3 4 |  4.1
Stealth        | 2 |  2.9
Dodging        | |  2.1

Action                   |  1- 3 |  4- 6 || total
-------------------------+-------+-------++-------
Melee: Dagger            |       |     1 ||     1
       Kick              |       |     1 ||     1
 Fire: Shortbow          |    66 |    95 ||   161
Armor: Leather armour    |     3 |     3 ||     6
       Ring mail         |       |     4 ||     4
Dodge: Dodged            |    17 |    17 ||    34

Table legend: (Time is in decaauts)
 A = Elapsed time spent in this place.
 B = Non-inter-level travel time spent in this place.
 C = Inter-level travel time spent in this place.
 D = Time resting spent in this place.
 E = Time spent auto-exploring this place.
 F = Levels seen in this place.
 G = Mean time per level.
                   A        B        C        D        E       F      G
               +--------+--------+--------+--------+--------+-----+--------+
         Total |   3440 |   3333 |    107 |    522 |   2365 |   4 |  860.0 |
       Dungeon |   3440 |   3333 |    107 |    522 |   2365 |   4 |  860.0 |
               +--------+--------+--------+--------+--------+-----+--------+

Top non-repeatable levels by time:
     D:2: 1167 daAuts
     D:1: 810 daAuts
     D:3: 801 daAuts
     D:4: 661 daAuts
